 Dungeon Crawl Stone Soup version 0.27-a0-216-g1fbed8a51c (webtiles) character file.

Game seed: 827430308898925394

5712 iamserjio the Fighter (level 10, -1/82 HPs)
             Began as a Gnoll Abyssal Knight on Jan 31, 2021.
             Was an Elder of Lugonu.
             Slain by a manticore (2 damage)
             ... on level 11 of the Dungeon.
             The game lasted 00:22:52 (3293 turns).

iamserjio the Fighter (Gnoll Abyssal Knight)        Turns: 3293, Time: 00:22:53

Health: -1/82      AC:  8    Str: 13    XL:     10   Next: 76%
Magic:  18/18      EV: 16    Int: 20    God:    Lugonu [****..]
Gold:   393        SH:  0    Dex: 17    Spells: 16/20 levels left

rFire    x . .     SeeInvis +   f - +8 dagger "Orireth" {flame, +Inv rF- SInv}
rCold    . . .     Faith    .   (no shield)
rNeg     . . .     Spirit   .   v - +0 leather armour {rPois}
rPois    +         Reflect  .   w - +2 helmet
rElec    .         Harm     .   (no cloak)
rCorr    .         Rampage  .   Q - +0 pair of gloves
Will     .....                  (no boots)
Stlth    +++.......             (no amulet)
HPRegen  0.23/turn              U - +6 ring of intelligence
MPRegen  0.16/turn              r - +6 ring of dexterity

@: no status effects
A: distributed training, fangs 1, strong nose
a: Renounce Religion, Evoke Invisibility, Depart the Abyss, Bend Space, Banish,
Corrupt


You were on level 11 of the Dungeon.
You worshipped Lugonu.
Lugonu was greatly pleased with you.
You visited 1 branch of the dungeon, and saw 12 of its levels.
You visited the Abyss 1 time.
You also visited: Sewer.

You collected 393 gold pieces.

Inventory:

Hand Weapons
 a - a +1 falchion
 f - the +8 dagger "Orireth" (weapon) {flame, +Inv rF- SInv}
   (You found it on level 2 of the Abyss)

   It has been specially enchanted to burn those struck by it, causing extra
   injury to most foes and up to half again as much damage against particularly
   susceptible opponents.
   It makes you vulnerable to fire.
   It lets you see invisible.
   It lets you turn invisible.
 g - a +0 falchion of electrocution
 i - a +1 whip of freezing
 j - a +2 whip of freezing
 D - a +2 spear of venom
 L - a +3 flail
 N - a +5 falchion of freezing
 R - a +4 long sword of freezing
 V - the +7 great mace "Firestarter" {inner flame, rF++}
   (You found it on level 11 of the Dungeon)

   It has been specially enchanted to burn those struck by it, causing extra
   injury to most foes and up to half again as much damage against particularly
   susceptible opponents.
   It greatly protects you from fire.
Missiles
 k - 81 arrows
 m - 23 poisoned darts
 y - 8 boomerangs (quivered)
 z - 7 atropa-tipped darts
 O - 6 javelins
Armour
 b - a +0 leather armour
 l - a +0 ring mail
 v - a +0 leather armour of poison resistance (worn)
 w - a +2 helmet (worn)
 B - a +1 robe of willpower
 E - a cursed +0 robe
 Q - a +0 pair of gloves (worn)
Jewellery
 r - a +6 ring of dexterity (right hand)
 K - an uncursed ring of stealth
 M - an uncursed ring of magical power
 P - an uncursed amulet of reflection
 U - a +6 ring of intelligence (left hand)
Wands
 W - a wand of mindburst (13)
Scrolls
 c - 2 scrolls of enchant weapon
 d - a scroll of noise
 e - a scroll of immolation
 n - 3 scrolls of remove curse {@r2}
 A - 4 scrolls of teleportation {@r3}
 C - a scroll of fear
 F - a scroll of amnesia {unknown}
 G - 2 scrolls of blinking {unknown}
 I - a scroll of random uselessness
 J - a scroll of enchant armour
Potions
 h - 4 potions of mutation
 o - a potion of haste {@q4}
 p - a potion of brilliance
 q - 4 potions of flight {unknown}
 s - a potion of ambrosia {unknown}
 t - a potion of degeneration
 u - 4 potions of heal wounds {unknown}
 x - 4 potions of curing {@q1}
 H - 2 potions of resistance {unknown}
 S - a potion of might {unknown}
 T - a potion of cancellation {unknown}


   Skills:
 + Level 8.7 Fighting
 + Level 5.6 Short Blades
 + Level 7.3 Long Blades
 + Level 5.6 Axes
 + Level 5.6 Maces & Flails
 + Level 5.6 Polearms
 + Level 5.6 Staves
 + Level 5.6 Slings
 + Level 5.6 Bows
 + Level 5.6 Crossbows
 + Level 5.6 Throwing
 + Level 7.3 Armour
 + Level 6.2 Dodging
 + Level 5.6 Stealth
 + Level 5.6 Shields
 + Level 5.6 Unarmed Combat
 + Level 5.6 Spellcasting
 + Level 4.6 Conjurations
 + Level 4.6 Hexes
 + Level 4.6 Summonings
 + Level 4.6 Necromancy
 + Level 4.6 Translocations
 + Level 4.6 Transmutations
 + Level 4.6 Fire Magic
 + Level 4.6 Ice Magic
 + Level 4.6 Air Magic
 + Level 4.6 Earth Magic
 + Level 4.6 Poison Magic
 + Level 7.7 Invocations
 + Level 5.6 Evocations


You had 16 spell levels left.
You knew the following spells:

 Your Spells              Type           Power        Failure   Level
a - Petrify               Tmut/Erth      24%          21%         4

Your spell library contained the following spells:

 Spells                   Type           Power        Failure   Level
 Confusing Touch          Hex            24%          6%          3
 Gell's Gravitas          Tloc           12%          6%          3
 Metabolic Englaciation   Hex/Ice        12%          50%         5
 Yara's Violent Unravell  Hex/Tmut       12%          50%         5


Dungeon Overview and Level Annotations

Branches:
Dungeon (12/15)            Temple (0/1) D:4             Orc (0/2) D:9
  Sewer (visited)
   Lair: D:8-11

Altars:
Gozag
Ru
Wu Jian
Xom

Shops:
D:5 ?

Annotations:
D:4 Dowan, Duvessa
D:9 Psyche
Abyss:1 Joseph


Innate Abilities, Weirdness & Mutations

Your experience applies equally to all skills.
You have very sharp teeth.
Your uncanny sense of smell can sniff out nearby items.


Message History

Found a leatherbound book.
You see here a scroll of teleportation {@r3}.
A - 4 scrolls of teleportation {@r3} (gained 1)
You see here a book of Misfortune.
You pick up a book of Misfortune and begin reading...
You add the spells Confusing Touch, Gell's Gravitas, Petrify, Metabolic Englaciation and Yara's Violent Unravelling to your library.
This spell is dangerous to cast!
Memorise Petrify, consuming 4 spell levels and leaving 16?
You start memorising the spell.
You continue memorising. x4
You finish memorising.
Spell assigned to 'a'.
You open the door.
A manticore comes into view.
Your inner flame fades away.
The +8 dagger "Orireth" {flame, +Inv rF- SInv} bursts into flame!
f - the +8 dagger "Orireth" (weapon)
{flame, +Inv rF- SInv}
There is an open door here.
The manticore bites you!
* * * LOW HITPOINT WARNING * * *
The manticore claws you.
You die...

.............#
.............#
####.........#
#.........#
#.........#
#.........#
##.###+##....#
#.......'....#
#......@#....#
#....#H.#....#
#..# ####....#
## #....#
#....# #....#
#....# #....#


You could see a manticore.

Vanquished Creatures
  A two-headed ogre (D:11)
  Pikel (D:8)
  2 soldier ants (D:9)
  A water moccasin (D:8)
  A sky beast (D:5)
  An orc warrior (D:11)
  2 black bears
  An ice beast (D:10)
  2 ogres
  3 centaurs
  A lemure (D:8)
  3 big kobolds
  6 bullfrogs
  2 scorpions
  A water moccasin skeleton (D:5)
  6 killer bees (D:7)
  9 wights
  2 howler monkeys
  A jelly (D:9)
  A quasit (D:7)
  2 hounds
  4 orc priests
  A bullfrog skeleton (D:8)
  6 orc wizards
  5 worker ants
  A hound skeleton (D:5)
  2 worker ant zombies
  10 gnolls
  11 adders
  4 river rats
  A shadow imp (D:9)
  A white imp (D:9)
  An adder skeleton (D:5)
  An adder zombie (D:7)
  A worm (D:2)
  2 leopard geckos
  31 orcs
  7 giant cockroaches
  2 goblins
  3 hobgoblins
  12 jackals
  13 kobolds
  7 quokkas
  A ball python (D:4)
  5 bats
  4 frilled lizards
  7 rats
192 creatures vanquished.

Vanquished Creatures (others)
  A big kobold (D:8)
  A bullfrog (D:8)
  An iguana (D:8)
  2 adders (D:8)
  A white imp (D:8)
  A quokka (D:8)
  19 fungi (D:9)
  10 plants (D:9)
36 creatures vanquished.

Grand Total: 228 creatures vanquished

Notes
Turn   | Place    | Note
-------+----------+-------------------------------------------
     0 | Abyss:1  | iamserjio the Gnoll Abyssal Knight began the quest for the
                  | Orb.
     0 | Abyss:1  | Reached XP level 1. HP: 23/23 MP: 3/3
    58 | Abyss:2  | Got a scorched dagger
    73 | Abyss:2  | Noticed a shadow
    76 | D:1      | Escaped the Abyss
    77 | D:1      | Identified the +8 dagger "Orireth" {flame, +Inv rF- SInv}
                  | (You found it on level 2 of the Abyss)
   107 | D:2      | Reached XP level 2. HP: 24/29 MP: 5/5
   156 | D:2      | Reached * piety under Lugonu
   166 | D:2      | Reached XP level 3. HP: 27/35 MP: 6/6
   355 | D:2      | Reached skill level 1 in Short Blades
   355 | D:2      | Reached skill level 1 in Axes
   355 | D:2      | Reached skill level 1 in Maces & Flails
   355 | D:2      | Reached skill level 1 in Polearms
   355 | D:2      | Reached skill level 1 in Staves
   355 | D:2      | Reached skill level 1 in Slings
   355 | D:2      | Reached skill level 1 in Bows
   355 | D:2      | Reached skill level 1 in Crossbows
   355 | D:2      | Reached skill level 1 in Throwing
   355 | D:2      | Reached skill level 1 in Stealth
   355 | D:2      | Reached skill level 1 in Shields
   355 | D:2      | Reached skill level 1 in Unarmed Combat
   355 | D:2      | Reached skill level 1 in Spellcasting
   355 | D:2      | Reached skill level 1 in Evocations
   363 | D:2      | Reached XP level 4. HP: 33/41 MP: 7/7
   489 | D:3      | Reached skill level 1 in Conjurations
   489 | D:3      | Reached skill level 1 in Hexes
   489 | D:3      | Reached skill level 1 in Summonings
   489 | D:3      | Reached skill level 1 in Necromancy
   489 | D:3      | Reached skill level 1 in Translocations
   489 | D:3      | Reached skill level 1 in Transmutations
   489 | D:3      | Reached skill level 1 in Fire Magic
   489 | D:3      | Reached skill level 1 in Ice Magic
   489 | D:3      | Reached skill level 1 in Air Magic
   489 | D:3      | Reached skill level 1 in Earth Magic
   489 | D:3      | Reached skill level 1 in Poison Magic
   489 | D:3      | Reached XP level 5. HP: 35/47 MP: 8/8
   493 | D:3      | Found an ornate altar of the Wu Jian Council.
   683 | D:3      | Reached ** piety under Lugonu
   713 | D:3      | Reached skill level 5 in Invocations
   774 | D:3      | Reached XP level 6. HP: 34/53 MP: 9/9
   788 | D:4      | Noticed Duvessa
   790 | D:4      | Noticed Dowan
   796 | D:5      | Entered Level 5 of the Dungeon
   842 | D:5      | Reached skill level 5 in Long Blades
   842 | D:5      | Reached skill level 5 in Armour
   945 | D:5      | Found a sacrificial altar of Ru.
   949 | D:5      | Found a glowing drain.
   956 | Sewer    | Entered a sewer
   966 | Sewer    | Reached XP level 7. HP: 17/59 MP: 10/10
  1034 | Sewer    | Reached skill level 7 in Fighting
  1038 | Sewer    | Reached *** piety under Lugonu
  1049 | Sewer    | Found a white marble altar of Elyvilon.
  1333 | D:5      | Found Ohiq Eph's Magic Scroll Boutique.
  1407 | D:4      | Found a staircase to the Ecumenical Temple.
  1569 | D:7      | Found an opulent altar of Gozag.
  1632 | D:7      | Reached XP level 8. HP: 41/67 MP: 12/12
  1873 | D:9      | Found a staircase to the Orcish Mines.
  1873 | D:9      | Noticed Psyche
  1971 | D:8      | HP: 3/67 [poisoned by a water moccasin]
  1977 | D:7      | HP: 2/67 [poisoned by a water moccasin]
  1985 | D:7      | HP: 2/67 [poisoned by a water moccasin]
  2055 | D:8      | Noticed Pikel
  2063 | D:8      | Killed Pikel
  2064 | D:8      | Reached XP level 9. HP: 29/74 MP: 13/15
  2140 | D:8      | Found a shimmering altar of Xom.
  2168 | D:8      | Reached skill level 5 in Dodging
  2327 | D:9      | Reached skill level 8 in Fighting
  2345 | D:9      | Noticed a troll
  2442 | D:9      | Banished a troll
  2492 | D:9      | Noticed Joseph
  2518 | D:9      | Banished Joseph
  2519 | D:9      | Reached XP level 10. HP: 25/80 MP: 12/17
  2581 | D:9      | Reached skill level 5 in Short Blades
  2581 | D:9      | Reached skill level 5 in Axes
  2581 | D:9      | Reached skill level 5 in Maces & Flails
  2581 | D:9      | Reached skill level 5 in Polearms
  2581 | D:9      | Reached skill level 5 in Staves
  2581 | D:9      | Reached skill level 5 in Slings
  2581 | D:9      | Reached skill level 5 in Bows
  2581 | D:9      | Reached skill level 5 in Crossbows
  2581 | D:9      | Reached skill level 5 in Throwing
  2581 | D:9      | Reached skill level 5 in Stealth
  2581 | D:9      | Reached skill level 5 in Shields
  2581 | D:9      | Reached skill level 5 in Unarmed Combat
  2581 | D:9      | Reached skill level 5 in Spellcasting
  2581 | D:9      | Reached skill level 5 in Evocations
  2607 | D:9      | Reached **** piety under Lugonu
  2618 | D:9      | Identified the +8 hand crossbow "Cibaad" {flame, +Inv rElec
                  | SInv}
  2732 | D:10     | Entered Level 10 of the Dungeon
  3137 | D:11     | Noticed a brown ugly thing
  3168 | D:11     | Found the +7 great mace "Firestarter" {inner flame, rF++}
  3214 | D:11     | Noticed a two-headed ogre
  3224 | D:11     | Killed a two-headed ogre
  3287 | D:11     | Learned a level 4 spell: Petrify
  3289 | D:11     | Noticed a manticore
  3293 | D:11     | HP: 1/82 [manticore (17)]
  3293 | D:11     | Slain by a manticore

Illustrated notes

Levels and vault maps discovered:
D:1:      nzn_arrival_water_spiral, layout_loops_ring
D:2:      layout_loops_cross, nicolae_qazlal_style_of_elements
D:3:      layout_rooms, overflow_temple_1_default
D:4:      layout_cave_pools, gammafunk_temple_overflow_arena,
          minmay_temple_entry_waves, uniq_duvessa
D:5:      layout_rooms, overflow_temple_1_default, portal_sewer_entry_b,
          serial_shops, nicolae_shop_statue_plus
D:6:      layout_loops_corners, led_sif_pool, general_overflow_altar
D:7:      layout_loops_ring, old_standard_altar
D:8:      layout_gridville, xom_confusion_cloud, uniq_pikel
D:9:      minmay_recursive_quarters, layout_loops_cross,
          grunt_lair_entry_orc_guard_hut, orc_david_3,
          hangedman_pestilent_swarm, uniq_psyche, uniq_joseph
D:10:     layout_long_grid, serial_shops, kennysheep_mini
D:11:     layout_gridville, grunt_decor_fettered
D:12:     minmay_outward_triangles, layout_cave_pods, minmay_statue_bubble

Skill      XL: |  1  2  3  4  5  6  7  8  9 10 |
---------------+-------------------------------+-----
Short Blades   | 1 2 4 5 |  5.6
Axes           | 1 2 4 5 |  5.6
Maces & Flails | 1 2 4 5 |  5.6
Polearms       | 1 2 4 5 |  5.6
Staves         | 1 2 4 5 |  5.6
Slings         | 1 2 4 5 |  5.6
Bows           | 1 2 4 5 |  5.6
Crossbows      | 1 2 4 5 |  5.6
Throwing       | 1 2 4 5 |  5.6
Stealth        | 1 2 4 5 |  5.6
Shields        | 1 2 4 5 |  5.6
Unarmed Combat | 1 2 4 5 |  5.6
Spellcasting   | 1 2 4 5 |  5.6
Evocations     | 1 2 4 5 |  5.6
Conjurations   | 1 2 3 4 |  4.6
Hexes          | 1 2 3 4 |  4.6
Summonings     | 1 2 3 4 |  4.6
Necromancy     | 1 2 3 4 |  4.6
Translocations | 1 2 3 4 |  4.6
Transmutations | 1 2 3 4 |  4.6
Fire Magic     | 1 2 3 4 |  4.6
Ice Magic      | 1 2 3 4 |  4.6
Air Magic      | 1 2 3 4 |  4.6
Earth Magic    | 1 2 3 4 |  4.6
Poison Magic   | 1 2 3 4 |  4.6
Dodging        | 3 4 5 6 |  6.2
Invocations    | 5 6 7 |  7.7
Long Blades    | 5 6 7 |  7.3
Armour         | 5 6 7 |  7.3
Fighting       | 7 8 |  8.7

Action                   |  1- 3 |  4- 6 |  7- 9 | 10-12 || total
-------------------------+-------+-------+-------+-------++-------
Melee: Dagger            |    57 |   137 |   192 |    55 ||   441
       Bite              |     3 |    15 |    26 |    15 ||    59
       Punch             |       |       |     2 |     2 ||     4
       Falchion          |       |       |    22 |    24 ||    46
       Long sword        |       |       |       |    17 ||    17
       Great mace        |       |       |       |    14 ||    14
Throw: Dart              |       |       |     8 |       ||     8
       Boomerang         |       |       |     7 |    19 ||    26
Invok: Depart the Abyss  |     1 |       |       |       ||     1
       Banish            |       |       |     5 |     3 ||     8
Evoke: Wand              |       |       |    13 |     1 ||    14
  Use: Potion            |       |     4 |     1 |       ||     5
       Scroll            |       |       |    13 |     1 ||    14
 Stab: Sleeping          |       |     1 |     4 |     5 ||    10
       Distracted        |       |       |     1 |       ||     1
Armor: Leather armour    |    11 |    12 |    41 |    19 ||    83
       Ring mail         |     8 |    17 |       |       ||    25
Dodge: Dodged            |    35 |    78 |   132 |    59 ||   304
       Rpst.: Falchion   |       |       |     2 |     3 ||     5
       Long sword        |       |       |       |     2 ||     2

Table legend: (Time is in decaauts)
 A = Elapsed time spent in this place.
 B = Non-inter-level travel time spent in this place.
 C = Inter-level travel time spent in this place.
 D = Time resting spent in this place.
 E = Time spent auto-exploring this place.
 F = Levels seen in this place.
 G = Mean time per level.
                   A        B        C        D        E       F      G
               +--------+--------+--------+--------+--------+-----+--------+
         Total |   3274 |   3086 |    188 |      0 |      0 |  15 |  218.3 |
       Dungeon |   3057 |   2869 |    188 |      0 |      0 |  12 |  254.8 |
         Abyss |     79 |     79 |      0 |      0 |      0 |   2 |   39.5 |
         Sewer |    137 |    137 |      0 |      0 |      0 |   1 |  137.0 |
               +--------+--------+--------+--------+--------+-----+--------+

Top non-repeatable levels by time:
     D:9: 533 daAuts
     D:2: 421 daAuts
     D:8: 374 daAuts
     D:7: 363 daAuts
     D:5: 320 daAuts
    D:11: 279 daAuts
     D:3: 265 daAuts
     D:6: 198 daAuts
    D:10: 157 daAuts
   Sewer: 137 daAuts
     D:4: 98 daAuts
 Abyss:1: 42 daAuts
 Abyss:2: 37 daAuts
    D:12: 24 daAuts
     D:1: 20 daAuts
